 Dungeon Crawl Stone Soup version 0.20.1-1-g8b1a95d (webtiles) character file.

1806 Devour the Magician (level 8, -19/41 HPs)
             Began as a Deep Elf Fire Elementalist on Sept 19, 2017.
             Demolished by Gastronok (35 damage)
             ... on level 8 of the Dungeon on Sept 20, 2017.
             The game lasted 00:28:46 (7387 turns).

Devour the Magician (Deep Elf Fire Elementalist)    Turns: 7387, Time: 00:28:46

Health: -19/41     AC:  4    Str:  5    XL:     8   Next: 84%
Magic:  8/21       EV: 16    Int: 23    God:
Gold:   371        SH:  0    Dex: 15    Spells: 10/22 levels left

rFire    . . .     SeeInvis .   y - +2 dagger (venom)
rCold    . . .     Gourm    .   (no shield)
rNeg     . . .     Faith    .   a - +0 robe
rPois    .         Spirit   .   (no helmet)
rElec    .         Reflect  .   q - +0 cloak
rCorr    .         Harm     .   (no gloves)
MR       .....                  x - +0 pair of boots
Stlth    ++++......             (no amulet)
Regen    0.2/turn               (no ring)
MPRegen  0.2/turn               (no ring)

@: no status effects
A: no striking features
a: no special abilities


You were on level 8 of the Dungeon.
You were not hungry.

You visited 2 branches of the dungeon, and saw 9 of its levels.

You collected 371 gold pieces.

Inventory:

Hand Weapons
 y - a +2 dagger of venom (weapon)
Armour
 a - a +0 robe (worn)
 i - a +3 leather armour
 q - a +0 cloak (worn)
 x - a +0 pair of boots (worn)
Wands
 d - a wand of polymorph (11/24)
 f - a wand of polymorph (18/24)
 D - a wand of random effects (21/48)
 F - a wand of lightning (7/15)
Scrolls
 e - a scroll of fear {unknown}
 k - 2 scrolls of teleportation
 l - 8 scrolls of remove curse
 o - 8 scrolls of identify {unknown}
 p - a scroll of enchant armour {unknown}
 u - 3 scrolls of immolation {unknown}
 z - 2 scrolls of amnesia {unknown}
 B - 2 scrolls of fog {unknown}
 C - a scroll of recharging {unknown}
 G - a scroll of magic mapping {unknown}
Potions
 g - 2 potions of heal wounds {unknown}
 m - 3 potions of haste
 n - a potion of lignification {unknown}
 r - 2 potions of mutation {unknown}
 s - 7 potions of curing {unknown}
 t - 2 potions of might {unknown}
 v - a potion of degeneration {unknown}
 w - 3 potions of brilliance {unknown}
 A - a potion of cancellation {unknown}
Books
 b - a book of Flames

   Spells                             Type                      Level
   a - Flame Tongue                   Conjuration/Fire             1
   b - Throw Flame                    Conjuration/Fire             2
   c - Conjure Flame                  Conjuration/Fire             3
   d - Inner Flame                    Hexes/Fire                   3
   e - Sticky Flame                   Conjuration/Fire             4
   f - Fireball                       Conjuration/Fire             5
 j - a book of Maledictions

   Spells                             Type                      Level
   a - Corona                         Hexes                        1
   b - Ensorcelled Hibernation        Hexes/Ice                    2
   c - Confuse                        Hexes                        3
   d - Tukima's Dance                 Hexes                        3
   e - Dazzling Spray                 Conjuration/Hexes            3
Comestibles
 c - 2 bread rations
 h - 4 meat rations


   Skills:
 + Level 6.1 Dodging
 + Level 7.1 Stealth
 + Level 7.5 Spellcasting
 - Level 5.0 Conjurations
 + Level 2.2 Hexes
 + Level 6.6 Fire Magic


You had 10 spell levels left.
You knew the following spells:

 Your Spells              Type           Power        Failure   Level  Hunger
a - Flame Tongue          Conj/Fire      #####        1%          1    None
b - Throw Flame           Conj/Fire      #####.       1%          2    None
c - Conjure Flame         Conj/Fire      #####...     1%          3    None
d - Confuse               Hex            ###.....     9%          3    None
e - Dazzling Spray        Conj/Hex       ####..       4%          3    None


Dungeon Overview and Level Annotations

Branches:
Dungeon (8/15)             Temple (1/1) D:6
   Lair: D:8-11

Altars:
Ashenzari
Cheibriados
Dithmenos
Elyvilon
Fedhas
Gozag
Hepliaklqana
Makhleb
Nemelex Xobeh
Okawaru
Qazlal
Ru
Trog
Uskayaw
Xom
Yredelemnul
Zin
The Shining One

Annotations:
D:7 Prince Ribbit
D:8 Gastronok


Message History

Unknown command.
Okay, then.
Casting: Flame Tongue
Confirm with . or Enter, or press ? or * to list all spells.
Aiming: Flame Tongue
Press: ? - help, Shift-Dir - straight line, f/p - Gastronok
Aim: Gastronok, wearing an embroidered hat (flame, moderately wounded, poisoned, covering ground quickly)
The flame tongue hits Gastronok.
Gastronok is heavily wounded.
Casting: Flame Tongue
Confirm with . or Enter, or press ? or * to list all spells.
Aiming: Flame Tongue
Press: ? - help, Shift-Dir - straight line, f/p - Gastronok
Aim: Gastronok, wearing an embroidered hat (flame, heavily wounded, poisoned, covering ground quickly)
The flame tongue hits Gastronok.
Gastronok is heavily wounded.
Gastronok is engulfed in blazing flames.
Gastronok bites you!!
Ouch! That really hurt!
You die...

#.........#
#.........#
#......<..# .
#.........# ..
#.........## ...
#..........## ...
#..........r# ..#
#.$!....<.#w##...#
#.........#@.....#
##.......######.##
##.>...## ##.....
#..... #....


You could see Gastronok and a rat.

Vanquished Creatures
  Eustachio (D:5)
  An ogre (D:4)
  A black bear (D:6)
  An ice beast (D:7)
  A necrophage (D:6)
  2 centaurs
  3 bullfrogs
  2 scorpions (D:7)
  3 crimson imps
  4 howler monkeys
  5 orc priests
  A jelly (D:6)
  A hound (D:5)
  An iguana (D:7)
  An orc wizard (D:6)
  2 worker ants
  A hound skeleton (D:4)
  9 adders
  4 gnolls (D:6)
  2 oozes
  2 worms
  13 dart slugs
  11 leopard geckos
  25 orcs
  4 giant cockroaches
  11 goblins
  10 hobgoblins
  2 jackals (D:2)
  6 kobolds
  2 ball pythons
  9 bats
  2 frilled lizards
  A leopard gecko skeleton (D:7)
  9 rats
153 creatures vanquished.

Notes
Turn   | Place    | Note
-------+----------+-------------------------------------------
     0 | D:1      | Devour the Deep Elf Fire Elementalist began the quest for the Orb.
     0 | D:1      | Reached XP level 1. HP: 10/10 MP: 6/6
   119 | D:1      | Reached XP level 2. HP: 15/15 MP: 6/8
   552 | D:1      | Learned a level 2 spell: Throw Flame
   617 | D:1      | Reached XP level 3. HP: 19/19 MP: 8/10
  1292 | D:2      | Reached XP level 4. HP: 24/24 MP: 0/12
  1493 | D:2      | Learned a level 3 spell: Conjure Flame
  2078 | D:3      | Found a faded altar of an unknown god.
  2146 | D:3      | Reached XP level 5. HP: 28/28 MP: 4/14
  2771 | D:3      | Reached skill level 5 in Spellcasting
  3040 | D:4      | Reached XP level 6. HP: 32/32 MP: 11/15
  3847 | D:5      | Entered Level 5 of the Dungeon
  4243 | D:5      | Found a bloodstained altar of Trog.
  4448 | D:5      | Reached skill level 5 in Stealth
  4523 | D:5      | Found an iron altar of Okawaru.
  4550 | D:5      | Reached XP level 7. HP: 36/36 MP: 17/17
  4621 | D:5      | Found a basalt altar of Yredelemnul.
  4658 | D:5      | Noticed Eustachio
  4700 | D:5      | Killed Eustachio
  4700 | D:5      | Reached skill level 5 in Fire Magic
  5084 | D:6      | Reached skill level 5 in Dodging
  5263 | D:6      | Reached XP level 8. HP: 41/41 MP: 11/19
  5339 | D:6      | Found a staircase to the Ecumenical Temple.
  5417 | Temple   | Entered the Ecumenical Temple
  6080 | D:6      | Found a stormy altar of Qazlal.
  6081 | D:6      | Found a sacrificial altar of Ru.
  6434 | D:7      | Reached skill level 5 in Conjurations
  6500 | D:7      | Learned a level 3 spell: Confuse
  6678 | D:7      | Reached skill level 1 in Hexes
  6700 | D:7      | Learned a level 3 spell: Dazzling Spray
  7131 | D:7      | Noticed Prince Ribbit
  7357 | D:8      | Noticed Gastronok
  7387 | D:8      | Demolished by Gastronok

Skill      XL: |  1  2  3  4  5  6  7  8 |
---------------+-------------------------+-----
Spellcasting   | 4 5 6 7 |  7.5
Stealth        | 3 4 5 7 |  7.1
Dodging        | 3 4 5 6 |  6.1
Conjurations   | 2 3 4 5 |  5.0
Fire Magic     | 4 5 6 |  6.6
Hexes          | 2 |  2.2

Action                   |  1- 3 |  4- 6 |  7- 9 || total
-------------------------+-------+-------+-------++-------
Melee: Unarmed           |     7 |       |       ||     7
       Dagger            |    10 |     7 |    67 ||    84
 Cast: Flame Tongue      |    67 |   115 |    92 ||   274
       Throw Flame       |     2 |    26 |    20 ||    48
       Conjure Flame     |       |     1 |     5 ||     6
       Dazzling Spray    |       |       |     2 ||     2
       Confuse           |       |       |     1 ||     1
  Use: Scroll            |       |     2 |     1 ||     3
       Potion            |       |       |     1 ||     1
 Stab: Sleeping          |       |     1 |     7 ||     8
  Eat: Chunk             |     1 |     5 |     5 ||    11
       Royal jelly       |       |     1 |     1 ||     2
       Bread ration      |       |     1 |       ||     1
Armor: Robe              |     2 |    14 |     9 ||    25
Dodge: Dodged            |    11 |    42 |    57 ||   110
